Description

-

Replay - LiquidTaeJa v llllllllllll: Game 1 - 이페머론 - 래더

Build Order

Get SALT Encoding   

  12  0:00  Probe  
  13  0:12  Probe  
  14  0:17  Pylon  
  14  0:24  Probe  
  15  0:32  Probe  
  15  0:35  Gateway  
  15  0:40  Probe  
  16  0:45  Assimilator  
  17  0:50  Probe  
  18  1:03  Probe  
  19  1:15  Probe  
  20  1:23  Nexus  
  20  1:33  Cybernetics Core  
  20  1:36  Probe  
  21  1:43  Assimilator  
  21  1:48  Probe  
  21  1:52  Pylon  
  22  2:00  Adept  
  23  2:10  Warp Gate  
  26  2:20  Stalker  
  30  2:37  Robotics Facility  
  32  2:55  Sentry  
  37  3:17  Pylon  
  37  3:18  Observer  
  39  3:22  Gateway x2  
  42  3:36  Observer  
  42  3:39  Assimilator x2  
  45  3:46  Robotics Bay  
  46  3:52  Pylon  
  47  4:00  Forge  
  47  4:01  Observer  
  52  4:18  Stalker x3  
  52  4:23  Pylon  
  58  4:31  Colossus  
  60  4:32  Protoss Ground Weapons Level 1  
  66  4:55  Observer  
  66  4:57  Nexus  
  66  5:01  Extended Thermal Lance  
  66  5:07  Colossus  
  66  5:25  Sentry  
  76  5:32  Gateway x3  
  76  5:40  Sentry  
  76  5:41  Observer  
  78  5:44  Zealot  
  78  5:48  Twilight Council  
  80  5:50  Colossus  
  82  6:02  Shield Battery  
  88  6:14  Zealot x3  
  88  6:16  Charge  
  97  6:32  Zealot x2  
  104  6:41  Protoss Ground Armor Level 1  
  104  6:45  Templar Archives  
  107  6:56  Colossus  
  113  7:04  Photon Cannon  
  113  7:06  Stalker x2  
  115  7:14  Zealot x2  
  121  7:17  Observer  
  121  7:20  Zealot x2  
  125  7:40  Colossus  
  125  7:43  Gateway x3  
  125  7:46  High Templar x2  
  129  7:53  Archon  
  135  8:18  Gateway  
  135  8:23  Immortal  
  143  8:37  High Templar x2  
  143  8:43  Archon  
  109  9:04  Stalker x4  
Spawning Tool Build Advisor. Get it on Overwolf

Go to:

Details

  • Created by: Jeff1921
  • Published on: Dec 05, 2020
  • Modified on: Dec 05, 2020
  • Patch: 4.11.0
  • Difficulty: Medium
Show
View Real Time Build Order
Export as new Build Order

Comments (0)

There are no comments. Be the first!

Create an account to comment!